 Dungeon Sprint DCSS version 0.27-a0-686-gaed091b46b (webtiles) character file.

Game seed: 125009716841408681

3378 mhtbhm the Severer (level 9, -4/135 HPs)
             Began as a Minotaur Fighter on Mar 20, 2021.
             Was the Champion of Trog.
             Slain by a shadow wraith (8 damage)
             ... in the Dungeon (Sprint VII: "The Pits").
             The game lasted 00:01:51 (1194 turns).

mhtbhm the Severer (Minotaur Fighter)               Turns: 1194, Time: 00:01:52

Health: -4/135     AC: 13    Str: 28    XL:     9   Next: 74%
Magic:  2/2        EV: 11    Int:  8    God:    Trog [******]
Gold:   0          SH: 13    Dex:  9    Spells: 8/8 levels left

rFire    . . .     SeeInvis .   a - +3 broad axe (antimagic)
rCold    . . .     Faith    .   c - +0 kite shield
rNeg     . . .     Spirit   .   b - +4 scale mail
rPois    .         Reflect  .   (helmet restricted)
rElec    .         Harm     .   (no cloak)
rCorr    .         Rampage  .   (no gloves)
Will     .....     NoTele   +   (no boots)
Stlth    ..........             (no amulet)
HPRegen  0.32/turn              m - +3 ring of strength
MPRegen  0.08/turn              n - +3 ring of intelligence

@: berserking, slowed
A: horns 2, retaliatory headbutt
a: Renounce Religion, Berserk, Trog's Hand, Brothers in Arms


You were in the Dungeon.
You worshipped Trog.
Trog was exalted by your worship.
You visited 1 branch

Inventory:

Hand Weapons
 a - a +3 antimagic broad axe (weapon)
Armour
 b - a +4 scale mail (worn)
 c - a +0 kite shield (worn)
Jewellery
 m - a +3 ring of strength (right hand)
 n - a +3 ring of intelligence (left hand)
Scrolls
 j - a scroll of blinking
 l - a scroll of summoning
Potions
 d - a potion of might
 e - 7 potions of curing
 f - 5 potions of heal wounds
 g - 3 potions of haste
 h - 4 potions of magic
 i - 7 potions of berserk rage
 k - 2 potions of invisibility


   Skills:
 + Level 12.0 Fighting
 + Level 16.0 Axes
 + Level 11.9 Armour
 + Level 3.9 Dodging
 + Level 0.8 Stealth
 + Level 13.0 Shields


You had 8 spell levels left.
You didn't know any spells.
Your spell library was empty.

Dungeon Overview and Level Annotations

Branches:
Dungeon (1/1)

Altars:
Ashenzari
Cheibriados
Dithmenos
Elyvilon
Fedhas
Gozag
Hepliaklqana
Kikubaaqudgha
Makhleb
Nemelex Xobeh
Okawaru
Qazlal
Ru
Sif Muna
Trog
Uskayaw
Vehumet
Wu Jian
Xom
Yredelemnul
Zin
The Shining One
Beogh
Jiyva
Lugonu


Innate Abilities, Weirdness & Mutations

You have a pair of horns on your head.
You reflexively headbutt those who attack you in melee.


Message History

You start resting.
Something hits you! Something hits you. Something drains your vigour!
You feel yourself slow down.
There is an open door, spattered with blood here.
You barely miss something. Something hits you but does no damage.
You hit something but do no damage. Something hits you.
Something drains your vigour!
You feel as though you will be slow longer.
You hit something. Something hits you!! Something hits you.
Something drains your vigour!
You feel as though you will be slow longer.
You miss something. Your headbutt misses something. Something hits you!
* * * LOW HITPOINT WARNING * * *
You closely miss something. Something hits you!
* * * LOW HITPOINT WARNING * * *
Something drains your vigour!
You feel as though you will be slow longer.
Unknown command.
You feel much better. Something hits you! x2
* * * LOW HITPOINT WARNING * * *
You feel much better. Something hits you. Something drains your vigour!
You feel as though you will be slow longer.
A red film seems to cover your vision as you go berserk!
You feel yourself moving faster!
You feel mighty! Something hits you!
* * * LOW HITPOINT WARNING * * *
Something drains your vigour!
You feel as though you will be slow longer.
Something hits you.
* * * LOW HITPOINT WARNING * * *
Something drains your vigour!
You feel as though you will be slow longer.
You closely miss something. Your headbutt misses something.
You barely miss something. Something hits you!!
* * * LOW HITPOINT WARNING * * *
Something drains your vigour!
You feel as though you will be slow longer.
Your shield and scale mail prevent you from hitting something.
You headbutt something!
You are no longer corroded.
Something hits you!
You die...

'..#####'#####''######
#'###.......##''#####
)..##.......##.)÷...#
...##.......##....###
#####...<...##...##.+
)..##.......##..##..#
)..##.......##..#..#
#####.......##..#{.#
#..###########..@..+
#.############).#[.#
#.#....#..[[##))#..#
#÷#....#...[##.)##..#
#)†....'..))##.).##.+
#'#....#)!))##....###
'.#....#!.).##......#
#####################


There were no monsters in sight!

Vanquished Creatures
  An orc knight (D)
  A black mamba (D)
  A hornet (D)
  7 dream sheep (D)
  2 flying skulls (D)
  A redback (D)
  A ynoxinul (D)
  An acid dragon (D)
  A black bear (D)
  2 orc warriors (D)
  A crimson imp (D)
  An orc wizard (D)
  2 gnolls (D)
  An ufetubus (D)
  4 oozes (D)
  3 orcs (D)
  3 giant cockroaches (D)
  A hobgoblin (D)
  6 jackals (D)
  A quokka (D)
  2 bats (D)
  A rat (D)
44 creatures vanquished.

Notes
Turn   | Place    | Note
-------+----------+-------------------------------------------
     0 | D        | mhtbhm the Minotaur Fighter began the quest for the Orb.
     0 | D        | Reached XP level 1. HP: 19/19 MP: 0/0
    21 | D        | Found a bloodstained altar of Trog.
    21 | D        | Found a shimmering blue altar of Sif Muna.
    21 | D        | Found a viscous altar of Jiyva.
    21 | D        | Found a hazy altar of Hepliaklqana.
    21 | D        | Found an opulent altar of Gozag.
    22 | D        | Found a glowing golden altar of the Shining One.
    22 | D        | Found a glowing silver altar of Zin.
    22 | D        | Found a basalt altar of Yredelemnul.
    22 | D        | Found a shimmering altar of Xom.
    22 | D        | Found an ornate altar of the Wu Jian Council.
    22 | D        | Found a sacrificial altar of Ru.
    22 | D        | Found a stormy altar of Qazlal.
    22 | D        | Found an iron altar of Okawaru.
    22 | D        | Found a sparkling altar of Nemelex Xobeh.
    22 | D        | Found a burning altar of Makhleb.
    22 | D        | Found a blossoming altar of Fedhas.
    22 | D        | Found a white marble altar of Elyvilon.
    22 | D        | Found a shadowy altar of Dithmenos.
    22 | D        | Found a snail-covered altar of Cheibriados.
    24 | D        | Found a radiant altar of Vehumet.
    24 | D        | Found a corrupted altar of Lugonu.
    26 | D        | Became a worshipper of Trog the Wrathful
    74 | D        | Reached * piety under Trog
    75 | D        | Reached skill level 3 in Axes
    75 | D        | Reached XP level 2. HP: 27/28 MP: 1/1
    80 | D        | Reached ** piety under Trog
    92 | D        | Reached *** piety under Trog
    93 | D        | Reached skill level 5 in Armour
   152 | D        | Noticed a black bear
   154 | D        | Reached **** piety under Trog
   154 | D        | Noticed a flying skull
   155 | D        | Reached skill level 5 in Fighting
   155 | D        | Reached skill level 4 in Axes
   155 | D        | Reached skill level 5 in Shields
   155 | D        | Reached XP level 3. HP: 36/36 MP: 2/2
   163 | D        | Killed a black bear
   164 | D        | Reached skill level 6 in Axes
   164 | D        | Reached skill level 1 in Dodging
   164 | D        | Reached XP level 4. HP: 30/45 MP: 3/3
   179 | D        | Killed a flying skull
   180 | D        | Reached skill level 8 in Axes
   180 | D        | Reached XP level 5. HP: 36/53 MP: 4/4
   180 | D        | Reached XP level 6. HP: 41/61 MP: 5/5
   289 | D        | Reached ***** piety under Trog
   292 | D        | Noticed a hornet
   298 | D        | Killed a hornet
   299 | D        | Reached skill level 10 in Axes
   346 | D        | Noticed a flying skull
   350 | D        | Reached XP level 7. HP: 58/70 MP: 6/6
   359 | D        | Killed a flying skull
   360 | D        | Reached skill level 11 in Axes
   363 | D        | Received a gift from Trog
   364 | D        | Reached skill level 10 in Shields
   468 | D        | Noticed a ynoxinul
   468 | D        | Noticed a black mamba
   476 | D        | Killed a black mamba
   477 | D        | Reached skill level 10 in Fighting
   477 | D        | Reached skill level 12 in Axes
   477 | D        | Reached XP level 8. HP: 79/79 MP: 7/7
   483 | D        | Reached skill level 10 in Armour
   710 | D        | Found a hide-covered altar of Uskayaw.
   710 | D        | Found an ancient bone altar of Kikubaaqudgha.
   710 | D        | Found a broken altar of Ashenzari.
   734 | D        | Noticed a dream sheep
   734 | D        | Noticed a dream sheep
   734 | D        | Noticed a dream sheep
   734 | D        | Noticed a dream sheep
   734 | D        | Noticed a dream sheep
   734 | D        | Noticed a dream sheep
   734 | D        | Noticed a dream sheep
   738 | D        | Killed a dream sheep
   739 | D        | Reached skill level 13 in Axes
   742 | D        | Killed a dream sheep
   742 | D        | Killed a dream sheep
   743 | D        | Killed a dream sheep
   744 | D        | Reached skill level 14 in Axes
   745 | D        | Killed a dream sheep
   746 | D        | Reached XP level 9. HP: 48/89 MP: 8/8
   747 | D        | Received a gift from Trog
   748 | D        | Reached skill level 15 in Axes
   927 | D        | Noticed an orc knight
   930 | D        | Reached ****** piety under Trog
   951 | D        | Killed an orc knight
   951 | D        | Received a gift from Trog
  1182 | D        | Reached skill level 16 in Axes
  1193 | D        | HP: 4/135 [something (19)]
  1194 | D        | Slain by a shadow wraith

Illustrated notes

Levels and vault maps discovered:
D:        pitsprint [storerooms_1, entrance_room_1, metal_vault_6, armoury_1,
          mini_pit_1, grid_room_1, main_hall_1, silver_pit, the_coven_1,
          the_vestibule_1, steel_vault_5, golden_pit, hallway_of_sentries,
          crystal_vault_1, iron_vault_1, final_vault]

Skill      XL: |  1  2  3  4  5  6  7  8  9 |
---------------+----------------------------+-----
Fighting       | 4 5 6 8 9 10 11 12 | 12.0
Armour         | 4 5 6 8 9 11 | 11.9
Shields        | 4 5 6 8 9 10 12 13 | 13.0
Axes           | 3 4 6 8 10 12 14 16 | 16.0
Dodging        | 1 2 3 |  3.9
Stealth        | |  0.8

Action                   |  1- 3 |  4- 6 |  7- 9 || total
-------------------------+-------+-------+-------++-------
Melee: Hand axe          |    30 |    25 |    24 ||    79
       War axe           |     2 |       |    10 ||    12
       Headbutt          |     7 |     5 |    16 ||    28
       Broad axe         |       |       |    25 ||    25
Invok: Berserk           |       |     2 |     3 ||     5
  Use: Potion            |       |       |     3 ||     3
Armor: Scale mail        |    13 |       |    11 ||    24
       Plate armour      |    11 |    13 |     6 ||    30
Dodge: Dodged            |    11 |     4 |    13 ||    28
Block: Kite shield       |    15 |    11 |    30 ||    56

Table legend: (Time is in decaauts)
 A = Elapsed time spent in this place.
 B = Non-inter-level travel time spent in this place.
 C = Inter-level travel time spent in this place.
 D = Time resting spent in this place.
 E = Time spent auto-exploring this place.
 F = Levels seen in this place.
 G = Mean time per level.
                   A        B        C        D        E       F      G
               +--------+--------+--------+--------+--------+-----+--------+
         Total |   1236 |   1236 |      0 |    655 |    207 |   1 | 1236.0 |
       Dungeon |   1236 |   1236 |      0 |    655 |    207 |   1 | 1236.0 |
               +--------+--------+--------+--------+--------+-----+--------+

Top non-repeatable levels by time:
       D: 1236 daAuts
